 Dungeon Crawl Stone Soup version 0.30-a0-374-g95c0257040 (console) character file.

Game seed: 1572841257255373328

3 rlgrobin the Insei (level 1, 13/13 HPs)
             Began as an Octopode Transmuter on May 19, 2021.
             Quit the game on level 1 of the Dungeon on Nov 26, 2022.
             The game lasted 00:01:58 (40 turns).

rlgrobin the Insei (Octopode Transmuter)              Turns: 40, Time: 00:01:59

Health: 13/13      AC:  1    Str:  9    XL:     1   Next: 50%
Magic:  3/3        EV: 13    Int: 15    God:
Gold:   16         SH:  0    Dex: 12    Spells: 3/4 levels left

rFire   . . .      SeeInvis .      - Unarmed
rCold   . . .      Faith    .    (no shield)
rNeg    . . .      Spirit   .    (helmet restricted)
rPois   .          Reflect  .    (no amulet)
rElec   .          Harm     .    (no ring)
rCorr   .          Rampage  .    (no ring)
Will    .....                    (no ring)
Stlth   ++........               (no ring)
HPRegen 0.22/turn                (no ring)
MPRegen 0.08/turn                (no ring)
                                 (no ring)
                                 (no ring)

@: no status effects
A: almost no armour, amphibious, 8 rings, camouflage 1, gelatinous body 1,
(nimble swimmer 1), tentacles
a: no special abilities


You were on level 1 of the Dungeon.
You visited 1 branch of the dungeon, and saw 1 of its levels.

You collected 16 gold pieces.


Innate Abilities, Weirdness & Mutations

You cannot wear most types of armour.
You are amphibious.
You can wear up to eight rings at the same time.
Your skin changes colour to match your surroundings (Stealth+).
Your rubbery body absorbs attacks. (AC +1, EV +1)
((You are camouflaged when in or above water. (Stealth+)))
You have tentacles for arms and can constrict up to eight enemies at once.


   Skills:
 + Level 1.1 Fighting
 + Level 2.0 Dodging
 + Level 3.0 Unarmed Combat
 + Level 2.0 Spellcasting
 + Level 2.0 Transmutations


You had 3 spell levels left.
You knew the following spells:

 Your Spells              Type           Power      Damage    Failure   Level
z - Beastly Appendage     Tmut           14%        N/A       10%         1

Your spell library contained the following spells:

 Spells                   Type           Power      Damage    Failure   Level
 Wereblood                Tmut           7%         N/A       14%         2
 Spider Form              Tmut/Pois      4%         N/A       41%         3
 Ice Form                 Ice/Tmut       4%         N/A       82%         4

You aren't carrying anything.

Dungeon Overview and Level Annotations

Branches:
Dungeon (1/15)

Altars:

▒.▒ ... ▒S. ▒.▒ ▒.▒ ▒.▒
▒▒▒'▒▒▒ ▒8.x.8▒ ▒▒.▒.▒▒
▒8.▒.8▒ ▒▒.▒.▒▒
▒▒▒▒▒▒▒▒8...8▒▒
▒8▒8▒8▒8▒...▒8▒8▒8
▒.................
▒.'.▒▒▒▒▒...<...▒▒▒
.....▒.................


You could see a ball python.


Message History

You thrash the frilled lizard!
You annihilate the frilled lizard!!!
No target in view!!!
HP restored!
You now have 16 gold pieces!
You open the door!
A ball python comes into view!
The ball python hisses angrily!
Health restored: 13 Unknown command!
Saving game!!! please wait!
Options error: Bad object type '%' for autopickup. (~/.crawlrc:910) Options error: Bad stat_color pair: '7' (~/.crawlrc:994) Options error: Bad monster_list_colour key: strict_neutral (~/.crawlrc:1008) Options error: Bad tile_display_mode value: true (should be glyph, glyphs, hybrid or tiles) (~/.crawlrc:1015) Options error: Unknown monster: "worker ant:red B" (~/.crawlrc:1122) Options error: Unknown monster: "queen ant:lightgreen B" (~/.crawlrc:1123) Options error: Unknown monster: "soldier ant:white B" (~/.crawlrc:1124) Options error: Unknown monster: "blood saint:9" (~/.crawlrc:1155) Options error: Unknown monster: "chaos champion:9" (~/.crawlrc:1156) Options error: Unknown monster: "warmonger:9" (~/.crawlrc:1157) Options error: Unknown monster: "corrupter:9" (~/.crawlrc:1158) Options error: Unknown monster: "black sun:9" (~/.crawlrc:1159) Options error: Unknown monster: "greater mummy:lightmagenta M" (~/.crawlrc:1165) Bad channel name for runrest: 'Jiyva says: Divide and consume' Bad channel name for runrest: 'pray:' Options error: Bad channel -- pray (~/.crawlrc:1390) Welcome back, rlgrobin the Octopode Transmuter!
Unknown command!
Are you sure you want to abandon this character and quit the game? (Confirm with "yes"!)

Action                   || total
-------------------------++-------
Melee: Unarmed           ||     6
       Constrict         ||     2
       Tentacles         ||     2
Dodge: Dodged            ||     5

Levels and vault maps discovered:
D:1:      heliophobic_arrival_ceremonial_halls, layout_loops_ring, serial_shops,
          shop, serial_glass, glass_columns_b, glass_columns_a,
          basic_ecumenical_altar

Notes
Turn   | Place    | Note
-------+----------+-------------------------------------------
     0 | D:1      | rlgrobin the Octopode Transmuter began the quest for the
                  | Orb.
     0 | D:1      | Reached XP level 1. HP: 13/13 MP: 3/3
     0 | D:1      | Upgraded the game from 0.27-a0-1186-g8b4daa1eef to
                  | 0.27-a0-1434-g6f15984924
    13 | D:1      | Upgraded the game from 0.27-a0-1434-g6f15984924 to
                  | 0.28-a0-643-g84cb2ea78e
    40 | D:1      | Upgraded the game from 0.28-a0-643-g84cb2ea78e to
                  | 0.30-a0-374-g95c0257040
    40 | D:1      | Quit the game

Vanquished Creatures
  2 jackals (D:1)
  A frilled lizard (D:1)
3 creatures vanquished.
